Map: Oxide LE

Players

Maru - Winner!

  • Race: Terran Terran
  • Spawn Location: 1:00

Reynor

  • Race: Zerg Zerg
  • Spawn Location: 7:00

Event: IEM Katowice 2021

VOD

Have the link to the VOD?

Description

Time

  • Played on: Feb. 28, 2021, 8:26 a.m.
  • Length: 24:07

All games in this series

Show
View Real Time Build Order
Export as new Build Order

Maru Terran - Winner!

Build Orders: Banshee Rush 

Get SALT Encoding   

  12  0:00  SCV  
  13  0:12  SCV  
  14  0:17  Supply Depot  
  14  0:24  SCV  
  15  0:39  SCV  
  15  0:40  Barracks  
  16  0:44  Refinery  
  16  0:51  SCV  
  17  1:03  SCV  
  18  1:15  SCV  
  19  1:27  Orbital Command, Marine  
  20  1:38  Command Center  
  20  1:50  Factory  
  20  1:53  SCV  
  21  2:02  Barracks Reactor  
  21  2:06  SCV  
  22  2:10  Supply Depot  
  22  2:11  Refinery  
  22  2:18  SCV  
  23  2:32  SCV  
  24  2:38  Starport  
  24  2:39  Marine  
  24  2:40  Marine  
  24  2:43  Factory Tech Lab  
  24  2:44  SCV  
  27  2:50  Orbital Command  
  27  2:56  SCV  
  28  2:59  Marine x2  
  30  3:08  SCV  
  31  3:16  SCV  
  31  3:19  Cloaking Field  
  32  3:20  Banshee, SCV  
  32  3:21  Marine x2  
  38  3:27  Supply Depot  
  38  3:28  SCV  
  38  3:32  SCV  
  42  3:40  SCV  
  43  3:44  SCV, Marine x2  
  43  3:45  Factory Reactor  
  44  3:51  Supply Depot  
  44  3:52  SCV  
  45  3:56  SCV  
  45  4:00  Command Center  
  46  4:04  SCV  
  46  4:06  Banshee  
  50  4:10  SCV  
  50  4:16  Supply Depot  
  51  4:21  SCV  
  51  4:22  Hellion x2, SCV  
  57  4:25  Armory  
  57  4:28  Marine x2  
  59  4:34  SCV  
  59  4:35  Supply Depot  
  59  4:36  SCV  
  61  4:43  Supply Depot  
  61  4:46  Hellion x2  
  61  4:48  SCV  
  66  4:55  SCV  
  67  5:00  SCV  
  67  5:03  Stimpack, Marine  
  69  5:07  SCV  
  69  5:10  Starport Reactor, Barracks  
  69  5:13  Barracks, SCV  
  71  5:18  Refinery  
  71  5:19  Orbital Command  
  71  5:20  Factory Tech Lab, Refinery  
  71  5:23  SCV  
  71  5:27  Engineering Bay  
  71  5:28  Engineering Bay  
  72  5:29  SCV  
  73  5:36  SCV  
  73  5:41  SCV  
  73  5:42  Orbital Command  
  63  5:46  Marine  
  63  5:48  SCV, Siege Tank  
  66  5:53  SCV  
  66  5:55  Terran Infantry Armor Level 1, Terran Infantry Weapons Level 1  
  67  6:00  SCV  
  67  6:03  Barracks x2  
  68  6:04  Marine  
  68  6:05  Medivac x2, SCV  
  68  6:07  SCV  
  75  6:12  SCV  
  75  6:13  Supply Depot  
  75  6:15  Marine x3  
  75  6:17  Marine  
  80  6:20  SCV x2  
  82  6:26  Siege Tank  
  85  6:33  Marine x2  
  85  6:34  Marine x2  
  85  6:35  Supply Depot, Marine  
  85  6:39  SCV x2  
  93  6:40  SCV  
  93  6:42  Medivac, Combat Shield  
  95  6:49  Medivac  
  95  6:51  Marine x3  
  102  6:56  Barracks Reactor x2  
  102  6:57  SCV x3  
  103  7:05  Missile Turret  
  103  7:06  Supply Depot, Missile Turret  
  103  7:09  Supply Depot, SCV x2  
  103  7:10  Marine x2  
  103  7:11  Marine x2  
  103  7:14  Marine  
  113  7:22  Medivac  
  114  7:28  Marine x2  
  116  7:32  SCV  
  116  7:34  Siege Tank  
  116  7:35  Supply Depot, Command Center  
  117  7:39  Marine  
  117  7:40  Marine x2  
  112  7:45  Marine x2  
  112  7:46  Marine  
  112  7:47  SCV  
  112  7:50  Refinery  
  112  7:51  Refinery  
  116  7:55  Marine x3  
  116  7:57  Marine x2  
  116  7:58  Marine  
  122  7:59  SCV  
  122  8:02  SCV  
  122  8:03  Marine  
  125  8:05  SCV  
  125  8:07  Factory  
  125  8:11  Terran Infantry Weapons Level 2, SCV, Terran Infantry Armor Level 2  
  127  8:13  Siege Tank  
  127  8:16  Marine x5  
  133  8:21  Marine x2  
  133  8:23  Marine x2  
  137  8:32  Barracks  
  137  8:34  Marine x2  
  137  8:35  Barracks  
  137  8:36  Medivac, Barracks  
  141  8:42  Terran Vehicle Weapons Level 1  
  141  8:43  Supply Depot  
  141  8:44  Supply Depot  
  141  8:47  Medivac  
  143  8:50  SCV x2  
  143  8:51  SCV  
  143  8:52  Factory Tech Lab  
  146  8:56  Sensor Tower  
  146  8:57  Supply Depot  
  146  9:01  Marine, Siege Tank  
  146  9:02  Marauder, Marine x3  
  155  9:03  Marine  
  155  9:04  Marine x3  
  155  9:09  SCV x2  
  161  9:17  Siege Tank  
  161  9:19  Marine  
  162  9:27  Command Center  
  162  9:30  Barracks Tech Lab x3  
  162  9:31  Supply Depot  
  160  9:33  Siege Tank  
  160  9:37  Factory  
  163  9:40  Planetary Fortress, SCV  
  163  9:41  SCV x2  
  166  9:47  Supply Depot  
  166  9:48  Marauder, Marine x3  
  166  9:49  Siege Tank, Marauder  
  177  9:52  SCV  
  177  9:59  Command Center  
  175  10:03  Ghost Academy, Viking x2  
  179  10:16  Siege Tank  
  179  10:21  Command Center  
  181  10:25  Siege Tank  
  181  10:26  Factory Tech Lab  
  184  10:38  Terran Infantry Weapons Level 3  
  184  10:40  Marine  
  182  10:45  Siege Tank  
  182  10:47  Viking x2  
  182  10:48  Siege Tank  
  189  10:53  Refinery  
  189  10:54  Refinery  
  189  10:59  Marauder x2, Marine x5  
  189  11:00  Marauder  
  198  11:08  Terran Infantry Armor Level 3  
  196  11:17  Viking x2  
  197  11:20  Ghost  
  186  11:31  SCV x2  
  186  11:32  Command Center, SCV x2  
  190  11:35  Missile Turret  
  190  11:41  Siege Tank x2  
  190  11:45  Orbital Command  
  196  11:48  Ghost x2  
  200  11:58  Sensor Tower, Terran Vehicle Weapons Level 2  
  185  12:24  Ghost x2  
  188  12:32  Planetary Fortress  
  188  12:44  Ghost  
  188  12:45  Ghost  
  188  12:46  Planetary Fortress  
  192  12:51  Personal Cloaking  
  192  12:55  Missile Turret  
  192  12:59  Refinery  
  192  13:00  Refinery  
  192  13:02  Missile Turret x2, SCV x3  
  192  13:03  SCV  
  196  13:16  Ghost  
  188  13:22  Siege Tank x2  
  188  13:24  Command Center  
  174  13:31  Ghost  
  174  13:32  Ghost x2  
  177  13:36  SCV x2  
  177  13:37  Missile Turret  
  177  13:38  Missile Turret  
  174  13:45  Ghost  
  174  13:47  Marine  
  175  13:53  Planetary Fortress, SCV x3  
  178  14:00  Ghost x3, Missile Turret  
  178  14:01  Command Center  
  178  14:02  Marine x4  
  188  14:07  Marine  
  189  14:14  Marauder  
  191  14:22  Marine x2  
  193  14:28  SCV x3  
  193  14:29  Marauder x2  
  193  14:30  Siege Tank x2, Marauder  
  191  14:35  Marauder  
  191  14:38  SCV  
  188  14:40  SCV x2  
  190  14:47  Marine  
  190  14:49  Concussive Shells  
  190  14:50  SCV x2  
  190  14:51  Marauder x3  
  190  14:52  SCV  
  200  14:55  Terran Vehicle Weapons Level 3  
  200  15:04  Command Center  
  200  15:12  Planetary Fortress  
  200  15:17  Sensor Tower  
  200  15:30  Planetary Fortress  
  200  15:35  Command Center  
  198  15:41  Siege Tank x2  
  186  15:46  Ghost  
  186  15:47  Ghost  
  172  15:55  Ghost x2  
  163  16:02  Command Center  
  162  16:06  Viking x2  
  162  16:08  Marine x4  
  169  16:12  SCV  
  169  16:13  SCV x2  
  169  16:15  Ghost  
  169  16:16  Marauder, Siege Tank  
  177  16:21  Planetary Fortress  
  177  16:24  Ghost  
  177  16:25  SCV x3  
  182  16:37  Medivac, Sensor Tower, SCV  
  182  16:39  SCV  
  187  16:40  SCV  
  187  16:49  SCV  
  187  16:53  Medivac  
  190  17:07  Medivac  
  192  17:12  Siege Tank x2  
  192  17:15  Nuke  
  198  17:17  Armory  
  198  17:27  Orbital Command  
  193  17:31  Refinery  
  191  17:40  Starport x2  
  191  17:42  Terran Vehicle And Ship Armor Level 1  
  189  17:57  Ghost  
  189  17:58  Ghost x3  
  197  18:11  Command Center  
  197  18:17  Command Center  
  197  18:20  Command Center  
  197  18:23  Terran Ship Weapons Level 1  
  181  18:34  Missile Turret  
  181  18:35  Marine x2  
  181  18:36  Marauder x3  
  185  18:55  Starport Reactor  
  185  18:56  Starport Reactor  
  185  19:01  Ghost, Liberator x2  
  193  19:13  Command Center, Siege Tank x2  
  199  19:20  Missile Turret x2  
  199  19:21  Missile Turret  
  199  19:22  Missile Turret  
  183  19:57  Siege Tank  
  174  20:15  Siege Tank x2  
  174  20:17  Terran Vehicle And Ship Armor Level 2  
  174  20:18  Terran Ship Weapons Level 2  
  180  20:25  Medivac  
  180  20:26  Medivac x2  
  186  20:29  Siege Tank  
  189  20:40  Ghost  
  189  20:41  Ghost  
  193  20:47  Siege Tank x2  
  185  21:01  Siege Tank  
  179  21:07  Command Center  
  179  21:12  Liberator x2, Viking  
  179  21:13  Viking  
  179  21:15  SCV  
  190  21:19  Siege Tank x2  
  196  21:27  SCV  
  197  21:33  Planetary Fortress  
  197  21:38  Planetary Fortress  
  197  21:45  Siege Tank  
  175  22:10  Siege Tank x2  
  175  22:13  SCV  
  175  22:17  SCV x2  
  175  22:19  Ghost  
  175  22:20  Siege Tank  
  176  22:39  SCV x4  
  176  22:40  SCV  
  176  22:42  Siege Tank x2  
  187  22:47  Refinery  
  187  22:48  Refinery, Marauder  
  187  22:49  Sensor Tower  
  187  22:50  Missile Turret  
  189  22:51  SCV x2  
  189  22:52  Missile Turret, Siege Tank  
  194  23:02  SCV x3  
  194  23:03  SCV x2  
  199  23:14  SCV  
  197  23:24  Planetary Fortress  
  197  23:34  Missile Turret  
  197  23:35  Missile Turret  
  167  24:00  Refinery  
Show
View Real Time Build Order
Export as new Build Order

Reynor Zerg 

Build Orders: Hatch First, Lurkers 

Get SALT Encoding   

  12  0:00  Drone  
  13  0:11  Overlord  
  13  0:16  Drone  
  14  0:30  Drone x2  
  16  0:47  Hatchery  
  15  0:50  Drone  
  15  0:54  Drone  
  15  0:56  Drone  
  18  1:07  Extractor  
  17  1:12  Spawning Pool  
  17  1:15  Drone  
  17  1:18  Drone  
  18  1:27  Drone  
  19  1:38  Drone  
  20  1:50  Overlord  
  20  1:58  Queen x2  
  24  2:02  Zergling x4  
  26  2:09  Drone  
  26  2:10  Drone  
  26  2:11  Metabolic Boost  
  28  2:21  Drone x2  
  30  2:31  Drone  
  30  2:36  Hatchery  
  30  2:38  Drone  
  30  2:42  Drone  
  32  2:48  Pneumatized Carapace  
  32  2:50  Overlord  
  32  2:53  Drone  
  32  2:55  Drone  
  34  3:02  Queen  
  36  3:09  Drone x3  
  39  3:14  Overlord  
  39  3:16  Drone x2  
  39  3:19  Drone  
  42  3:25  Drone  
  43  3:29  Overlord  
  43  3:35  Drone  
  43  3:38  Drone x2, Overlord  
  46  3:43  Drone  
  46  3:47  Queen  
  46  3:48  Queen, Overlord  
  49  3:50  Drone  
  49  3:55  Drone, Spore Crawler  
  52  3:59  Drone  
  52  4:00  Drone, Spore Crawler  
  53  4:07  Lair  
  53  4:09  Drone x2  
  55  4:13  Spore Crawler  
  55  4:15  Zergling x2  
  55  4:16  Zergling x2  
  56  4:17  Drone  
  56  4:19  Drone  
  56  4:20  Drone x2  
  59  4:24  Baneling Nest  
  59  4:25  Drone  
  59  4:27  Drone  
  59  4:31  Drone, Overlord  
  60  4:32  Drone  
  60  4:34  Drone  
  60  4:36  Extractor  
  60  4:38  Overlord  
  62  4:41  Drone  
  62  4:42  Drone  
  64  4:47  Queen  
  64  4:48  Zergling x2  
  64  4:49  Zergling x4  
  64  4:50  Drone  
  64  4:52  Drone  
  71  4:57  Queen  
  71  4:59  Drone x3  
  77  5:00  Drone  
  77  5:02  Drone x2  
  77  5:05  Overseer  
  79  5:08  Overseer  
  79  5:10  Zergling x4  
  79  5:13  Overlord  
  81  5:15  Baneling x3  
  81  5:18  Overlord  
  81  5:20  Baneling  
  81  5:23  Extractor, Overlord  
  81  5:24  Drone  
  81  5:26  Baneling  
  81  5:28  Overlord  
  81  5:31  Baneling  
  81  5:33  Drone x4  
  85  5:39  Zergling x12  
  87  5:43  Drone  
  87  5:46  Drone, Hatchery  
  86  5:50  Extractor, Drone  
  86  5:51  Evolution Chamber, Queen  
  86  5:52  Evolution Chamber  
  86  5:53  Drone  
  86  5:56  Drone  
  88  5:58  Drone  
  88  6:01  Centrifical Hooks, Drone x3  
  92  6:05  Drone  
  92  6:07  Overlord  
  92  6:11  Drone  
  94  6:14  Drone  
  96  6:18  Zergling x2  
  96  6:21  Zerg Ground Armor Level 1  
  96  6:24  Drone x3  
  99  6:27  Zergling x4  
  99  6:29  Drone  
  99  6:30  Hatchery  
  101  6:32  Spore Crawler, Queen  
  101  6:34  Zergling x6  
  101  6:35  Zerg Melee Weapons Level 1  
  101  6:37  Zergling x4  
  107  6:44  Baneling x5  
  107  6:46  Drone  
  105  6:51  Drone x4  
  105  6:52  Overlord  
  108  6:57  Drone x2  
  108  6:59  Drone  
  111  7:01  Baneling  
  111  7:02  Zergling x4, Baneling x3  
  111  7:03  Zergling x4  
  111  7:05  Drone  
  111  7:06  Overlord  
  111  7:07  Zergling x2  
  117  7:09  Drone x2  
  117  7:12  Spore Crawler  
  117  7:14  Zergling x2  
  117  7:15  Zergling x2  
  120  7:18  Drone  
  121  7:25  Zergling x4  
  121  7:26  Zergling x2  
  124  7:30  Overlord  
  124  7:32  Zergling x2  
  124  7:35  Drone x5  
  130  7:39  Hatchery, Spore Crawler  
  130  7:40  Zergling x6, Overlord  
  130  7:41  Zergling x4, Spore Crawler  
  125  7:44  Zergling x4  
  125  7:49  Zergling x2, Queen  
  130  7:52  Zergling x4  
  130  7:54  Zergling x2  
  130  7:56  Baneling x5  
  130  7:57  Overlord x2, Zergling x2, Baneling x5  
  134  8:01  Zergling x2  
  134  8:03  Baneling x4  
  134  8:04  Drone x2  
  134  8:05  Drone x4  
  141  8:06  Drone  
  141  8:07  Extractor x2, Zergling x4, Infestation Pit  
  141  8:08  Baneling x4  
  141  8:09  Baneling x2  
  141  8:13  Zergling x6  
  141  8:15  Overlord  
  139  8:20  Zergling x4  
  139  8:23  Zergling x2  
  139  8:24  Zerg Ground Armor Level 2  
  139  8:27  Zergling x16  
  139  8:28  Drone  
  139  8:31  Drone x2  
  139  8:32  Extractor, Zergling x2  
  139  8:33  Zergling x4  
  151  8:35  Zergling x6  
  151  8:38  Overlord  
  151  8:39  Drone  
  155  8:43  Zergling x6  
  158  8:49  Zergling x4  
  158  8:51  Zergling x2  
  159  8:55  Drone  
  159  8:56  Hive, Drone x5  
  159  8:58  Hydralisk Den  
  164  9:04  Zergling x8  
  164  9:05  Overlord  
  164  9:06  Drone  
  164  9:09  Hatchery  
  166  9:11  Zergling x2  
  166  9:12  Zergling x10  
  166  9:14  Overlord  
  173  9:17  Drone x4  
  176  9:24  Zergling x8  
  176  9:25  Zergling x8  
  176  9:29  Overlord  
  176  9:30  Drone  
  176  9:31  Lurker Den, Spore Crawler  
  183  9:32  Extractor, Spore Crawler  
  183  9:34  Drone x4  
  183  9:35  Extractor  
  183  9:38  Extractor, Drone x4  
  187  9:42  Overlord  
  186  9:50  Hydralisk x7  
  198  9:52  Overlord  
  198  9:55  Overlord  
  195  10:04  Drone x5, Spore Crawler  
  195  10:05  Spore Crawler  
  198  10:13  Zergling x12  
  199  10:20  Baneling x9  
  199  10:24  Adrenal Glands  
  199  10:33  Zerg Missile Weapons Level 1  
  198  10:37  Drone x2  
  198  10:38  Evolution Chamber  
  194  10:45  Hatchery  
  188  10:50  Seismic Spines  
  188  10:59  Zergling x24  
  193  11:04  Zergling x16  
  193  11:06  Overlord  
  198  11:14  Zergling x10, Infestation Pit  
  198  11:16  Overlord  
  191  11:19  Spore Crawler x2  
  191  11:20  Lurker  
  191  11:21  Lurker  
  191  11:22  Lurker x5  
  189  11:29  Baneling  
  189  11:30  Baneling x12  
  189  11:34  Extractor  
  189  11:35  Viper x3  
  189  11:36  Hydralisk  
  199  11:42  Hatchery  
  199  11:46  Overseer  
  198  11:47  Nydus Network  
  198  11:48  Adaptive Talons  
  198  11:49  Nydus Network, Overlord  
  198  11:51  Drone x3  
  191  12:16  Zergling x22  
  191  12:22  Hatchery  
  192  12:23  Zergling x16  
  200  12:33  Nydus Canal x2  
  200  12:37  Baneling x8  
  200  12:43  Zergling x6  
  196  12:48  Drone x10, Spire  
  198  13:00  Zerg Missile Weapons Level 2, Zerg Melee Weapons Level 2, Zerg Ground Armor Level 3  
  198  13:04  Baneling  
  198  13:05  Baneling x6  
  198  13:07  Nydus Canal x2  
  198  13:11  Zergling x10  
  198  13:19  Hydralisk, Zergling x2  
  186  13:20  Zergling x32  
  186  13:23  Hydralisk x5  
  186  13:24  Hydralisk  
  181  13:30  Queen  
  181  13:31  Hydralisk x2  
  181  13:32  Hydralisk  
  181  13:33  Zergling x4  
  183  13:35  Hydralisk  
  183  13:36  Zergling x2  
  183  13:37  Nydus Canal  
  183  13:39  Hydralisk x3  
  186  13:42  Drone x2, Baneling x7  
  186  13:43  Drone  
  186  13:44  Drone  
  186  13:47  Hydralisk x3  
  194  13:48  Zergling x12  
  194  13:51  Baneling x7  
  194  13:55  Baneling x5  
  196  14:13  Zergling x16  
  199  14:18  Zerg Flyer Weapons Level 1  
  199  14:23  Hydralisk  
  187  14:24  Zergling x28  
  187  14:25  Zergling x2  
  186  14:32  Zergling x28  
  186  14:36  Hydralisk  
  186  14:37  Zergling x8  
  178  14:38  Zergling x8  
  178  14:42  Hydralisk  
  178  14:43  Zergling x10  
  178  14:44  Nydus Canal, Zergling x2  
  179  14:46  Hydralisk x3, Zergling x2  
  179  14:49  Lurker x2  
  179  14:50  Hydralisk x2, Baneling x3, Lurker  
  179  14:51  Hydralisk, Zergling x4, Baneling x8  
  194  14:54  Overseer  
  194  14:55  Hydralisk  
  194  14:57  Baneling x10  
  193  15:01  Zergling x12  
  193  15:05  Muscular Augments  
  199  15:09  Baneling  
  199  15:10  Baneling x8  
  199  15:13  Baneling x7  
  199  15:17  Hatchery  
  198  15:25  Overseer  
  198  15:26  Zergling x2  
  199  15:29  Overseer  
  199  15:30  Spore Crawler  
  180  15:38  Hydralisk  
  180  15:39  Hydralisk x3, Zergling x8  
  180  15:40  Zergling x32  
  182  15:46  Hydralisk x12, Zergling x2  
  187  15:51  Hydralisk x2, Zergling x2  
  187  15:54  Hydralisk  
  187  15:57  Zergling x2  
  187  15:59  Hydralisk  
  187  16:01  Viper x2  
  187  16:02  Viper  
  183  16:07  Zergling x6  
  183  16:09  Zergling x8  
  187  16:13  Lurker x3  
  187  16:14  Lurker x3  
  187  16:15  Lurker  
  187  16:18  Lurker  
  195  16:22  Lurker x3  
  198  16:28  Lurker  
  199  16:39  Overlord x3  
  199  16:40  Overseer  
  199  16:41  Hatchery  
  198  17:02  Zergling x2  
  198  17:06  Hatchery  
  198  17:13  Lurker  
  199  17:21  Overseer  
  199  17:51  Hydralisk, Zergling x10  
  173  17:52  Zergling x14  
  173  17:56  Hydralisk x2  
  173  17:57  Queen  
  191  18:00  Lurker x2  
  191  18:01  Lurker x3  
  196  18:06  Hatchery  
  196  18:07  Zergling x2  
  196  18:08  Zergling x6  
  199  18:14  Overseer  
  196  18:33  Zergling x20  
  188  18:50  Hydralisk x3  
  188  18:51  Zergling x10  
  199  19:02  Overlord x2  
  199  19:08  Overseer  
  199  19:09  Overseer  
  199  19:15  Overseer x2  
  199  19:28  Baneling x9  
  199  19:35  Hatchery  
  198  19:40  Zergling x10  
  187  19:47  Zergling x2  
  187  19:48  Zergling x30  
  198  19:53  Zergling x4  
  198  19:59  Zergling x6  
  195  20:03  Zergling x6  
  185  20:08  Hydralisk, Zergling x4  
  185  20:10  Queen  
  185  20:11  Queen x2  
  184  20:15  Baneling x18  
  184  20:16  Hydralisk  
  184  20:17  Zergling x16  
  184  20:18  Lurker x5  
  199  20:23  Overlord x2  
  199  20:27  Overseer  
  199  20:32  Extractor  
  199  20:33  Extractor  
  197  20:43  Zergling x4  
  195  20:54  Hydralisk x6  
  195  20:55  Zergling x24  
  195  20:57  Hydralisk, Overseer x2, Zergling x4  
  189  21:02  Hydralisk  
  185  21:11  Hydralisk x2  
  185  21:12  Zergling x14  
  185  21:13  Baneling x9  
  185  21:14  Baneling  
  185  21:17  Zergling x2  
  185  21:18  Overseer, Zergling x4  
  196  21:25  Zerg Missile Weapons Level 3, Zerg Melee Weapons Level 3  
  196  21:30  Drone  
  198  21:32  Zergling x2  
  198  21:33  Zergling x2  
  199  21:44  Zergling x16  
  198  22:00  Hydralisk  
  198  22:01  Zergling x18  
  190  22:05  Hydralisk x2, Zergling x2  
  190  22:06  Zergling x20  
  175  22:09  Hydralisk, Zergling x2  
  175  22:12  Hydralisk  
  175  22:13  Zergling x6  
  178  22:19  Hydralisk, Zergling x2  
  178  22:20  Overseer x3  
  178  22:21  Hydralisk  
  178  22:22  Zergling x4  
  176  22:27  Viper  
  176  22:28  Viper  
  179  22:31  Lurker x7  
  179  22:33  Hydralisk  
  179  22:34  Zergling x6  
  179  22:37  Hydralisk, Zergling x4  
  191  22:38  Lurker x2  
  191  22:40  Zergling x4  
  191  22:43  Zergling x2  
  200  22:55  Overseer x2  
  184  23:20  Corruptor x7  
  184  23:26  Lurker  
  200  23:27  Lurker  
  199  23:38  Hydralisk  
  199  23:39  Zergling x4  
  158  23:41  Zergling x2  
  158  23:45  Zergling x2  

Tags
 
Composition
Lurkers
Matchup
TvZ
Spawn Locations
Cross Positions
Strategy
Banshee Rush
Add a new tag
Caveats
  • Supply blocks, unpowered buildings, or Contaminate may cause inaccurate times.
  • Supply counts are checked every 10 seconds.